 Dungeon Crawl Stone Soup version 0.19.1 (webtiles) character file.

598851 XO4YCPATb the Peltast (level 25, -32/265 HPs)
             Began as a Troll Monk on Dec 5, 2016.
             Was the Champion of Cheibriados.
             Annihilated by an acid blob (34 damage)
             ... while paralysed by a great orb of eyes
             ... on level 2 of the Pits of Slime on Dec 6, 2016.
             The game lasted 04:08:09 (52042 turns).

XO4YCPATb the Peltast (Troll Monk)                 Turns: 52042, Time: 04:08:10

Health: -32/265    AC: 11    Str: 43    XL:     25   Next: 90%
Magic:  23/35      EV:  1    Int: 25    God:    Cheibriados [******]
Gold:   3769       SH:  0    Dex: 38    Spells: 5 memorised, 12 levels left

rFire  + + +     SeeInvis .       - Unarmed
rCold  + . .     Gourm    +     (armour currently unavailable)
rNeg   + + .     Faith    .     K - +8 large shield {rN+}
rPois  ∞         Spirit   .     (helmet restricted)
rElec  +         Reflect  +     W - +2 cloak {rC+}
rCorr  +         Harm     .     (gloves unavailable)
MR     +....                    (boots unavailable)
Stlth  +.........               M - amulet "Nufiunyodo" {Reflect rElec Dex+7 SH+3}
                                x - ring of Wuorragh {*Slow rPois rF+++ MP+9 Str+2}
                                v - ring of resist corrosion

@: confused, paralysed, statue-form, corroded, regenerating, very slow
A: unfitting armour, claws 3, blurry vision 1, deformed body, fast metabolism 3,
frail 1, gourmand, low mp 2, regeneration 1, (shaggy fur 0), (tough skin 0)
a: End Transformation, Bend Time, Temporal Distortion, Slouch, Step From Time,
Renounce Religion
}: 4/15 runes: decaying, serpentine, silver, abyssal


You were on level 2 of the Pits of Slime.
You worshipped Cheibriados.
Cheibriados was exalted by your worship.
You were very full.
You were a stone statue.
You visited 10 branches of the dungeon, and saw 47 of its levels.
You visited the Abyss 3 times.
You also visited: Trove, Ossuary and Ice Cave.

You collected 7307 gold pieces.
You spent 3538 gold pieces at shops.

Inventory:

Missiles
 y - 117 large rocks (quivered)
Armour
 a - the +5 faerie dragon scales (melded) {Regen+}
   (You took it off the Enchantress on level 5 of the Depths)

   It increases your rate of regeneration.
 K - a +8 large shield of positive energy (worn)
 W - a +2 cloak of cold resistance (worn)
Jewellery
 l - an uncursed ring of flight
 o - an uncursed ring of protection from magic
 v - a ring of resist corrosion (left claw)
 x - the ring of Wuorragh (right claw) {*Slow rPois rF+++ MP+9 Str+2}
   (You bought it in a shop on level 7 of the Dungeon)

   [ring of magical power]

   It affects your strength (+2).
   It renders you almost immune to fire.
   It protects you from poison.
   It affects your magic capacity (+9).
   It may slow you when you take damage.
 M - the amulet "Nufiunyodo" (around neck) {Reflect rElec Dex+7 SH+3}
   (You found it on level 6 of the Lair of Beasts)

   [amulet of reflection]

   It shields you and reflects attacks.
   It affects your dexterity (+7).
   It insulates you from electricity.
   It affects your SH (+3).
 Q - the ring of the Philosopher {*Slow MR+ MP+9 Int+2 SInv Stlth+}
   (You took it off a deep elf sorcerer on level 3 of the Elven Halls)

   [ring of magical power]

   It affects your intelligence (+2).
   It affects your resistance to hostile enchantments.
   It affects your magic capacity (+9).
   It lets you see invisible.
   It may slow you when you take damage.
   It makes you more stealthy.
 V - an uncursed ring of protection from cold
Wands
 w - a wand of heal wounds (4/9)
 N - a wand of teleportation (3/9)
 P - a wand of heal wounds (6/9)
 T - a wand of disintegration (2/24)
 Y - a wand of digging (11/24)
Scrolls
 c - 9 scrolls of recharging
 e - 7 scrolls of teleportation
 f - 16 scrolls of remove curse
 n - 10 scrolls of fear
 p - 10 scrolls of identify
 q - 7 scrolls of blinking
 r - 7 scrolls of fog
 z - 9 scrolls of noise
 A - 2 scrolls of summoning
 F - a scroll of holy word
 G - 3 scrolls of torment
 I - a scroll of silence
 S - 6 scrolls of immolation
Potions
 d - 2 potions of brilliance
 g - 2 potions of cancellation
 h - 9 potions of lignification
 i - 8 potions of might
 j - 9 potions of ambrosia
 k - 5 potions of agility
 t - 4 potions of flight
 C - a potion of resistance
 D - 2 potions of curing
 H - 2 potions of magic
 J - 7 potions of heal wounds
 L - 5 potions of invisibility
Comestibles
 b - 23 bread rations
 B - 11 beef jerkies


   Skills:
 - Level 9.2 Fighting
 - Level 11.5 Throwing
 - Level 15.7 Dodging
 - Level 1.0 Stealth
 - Level 16.0 Shields
 - Level 15.1 Unarmed Combat
 - Level 5.1 Spellcasting
 + Level 7.4 Charms
 - Level 6.9 Necromancy
 - Level 15.0 Transmutations
 * Level 6.4 Air Magic
 - Level 15.1 Earth Magic
 - Level 14.3 Invocations


You had 12 spell levels left.
You knew the following spells:

 Your Spells              Type           Power        Failure   Level  Hunger
a - Statue Form           Tmut/Erth      ######...    2%          6    #######
b - Regeneration          Chrm/Necr      #####.....   1%          3    ##.....
c - Sublimation of Blood  Necr           #####.....   1%          2    None
d - Deflect Missiles      Chrm/Air       #####.....   78%         6    #######
e - Silence               Hex/Air        ###.......   63%         5    #####..


Dungeon Overview and Level Annotations

Branches:
Dungeon (15/15)            Temple (1/1) D:5            Lair (6/6) D:10
  Swamp (4/4) Lair:3        Snake (4/4) Lair:4        Slime (2/5) Lair:5
    Orc (2/2) D:9             Elf (3/3) Orc:2        Vaults (5/5) D:13
  Crypt (0/3) Vaults:2     Depths (5/5) D:15            Zot (0/5) Depths:5

Altars:
Ashenzari
Cheibriados
Dithmenos
Elyvilon
Fedhas
Gozag
Hepliaklqana
Kikubaaqudgha
Makhleb
Nemelex Xobeh
Qazlal
Ru
Sif Muna
Uskayaw
Vehumet
Xom
Yredelemnul
Beogh
Jiyva

Shops:
D:7 =   D:9 *   D:11 ?   D:12 (   Orc:2 *[=%   Elf:1 %   Elf:2 }=}   Snake:1 =[
Vaults:2 (   Depths:2 ?

Portals:
Hell: Depths:1 Depths:2 Depths:3 Depths:4 Depths:5
Abyss: Depths:4 Depths:5
Ziggurat: Depths:5

Annotations:
Lair:3 DIGGING/FLYING
Elf:2 5 runed doors


Innate Abilities, Weirdness & Mutations

You are too large for most types of armour.
You have claws for hands.
Your metabolism is lightning-fast.
You like to eat raw meat.
Your natural rate of healing is unusually fast.
((You are covered in fur. (AC +1)))
((You have very tough skin. (AC +2)))
Scrolls take you a little longer to read.
Armour fits poorly on your strangely shaped body.
You are frail. (-10% HP)
Your magical capacity is very low. (-20% MP)


Message History

The azure jelly hits you but does no damage.
The azure jelly hits you.
* * * LOW HITPOINT WARNING * * *
The great orb of eyes gazes at you. You resist with some effort.
The shining eye gazes at you.
Strange energies course through your body.
The azure jelly hits you.
* * * LOW HITPOINT WARNING * * *
The azure jelly freezes you! You resist.
* * * LOW HITPOINT WARNING * * *
The azure jelly hits you!
* * * LOW HITPOINT WARNING * * *
The azure jelly freezes you! You resist.
* * * LOW HITPOINT WARNING * * *
The azure jelly hits you but does no damage.
The azure jelly hits you.
* * * LOW HITPOINT WARNING * * *
The acid blob hits you!!
You die...

#.......## .
##........#..
..#...#.....#..
#...........# .
.#..........# ..
............#...
................
.......JJG......
.......J8...G...
........JJ...G..
.....#......#...
................
...#.#........#
...##...#..>....
.. ............
..... ......#


You could see 3 acid blobs, 2 azure jellies, a great orb of eyes, a shining eye
and an eye of draining.

Vanquished Creatures
  An ancient lich (Vaults:5)
  Mara (Swamp:4)
  Margery (Depths:4)
  Xtahua (Vaults:4)
  Saint Roka (Depths:4)
  3 golden dragons
  2 bone dragons (Depths:5)
  the Enchantress (Depths:5)
  2 tentacled monstrosities (Vaults:5)
  5 titans
  6 liches
  3 deep elf master archers (Elf:3)
  2 quicksilver dragons
  3 deep elf blademasters (Elf:3)
  Asterion (Depths:2)
  7 acid blobs
  6 tentacled starspawn
  2 thorn hunters
  Frances (Snake:1)
  3 tengu reavers
  6 sphinxes
  6 shadow dragons
  Agnes (Snake:1)
  Kirke (Swamp:4)
  An ancient champion (Depths:4)
  Donald (Swamp:4)
  6 nagarajas (Snake:4)
  2 storm dragons (Vaults:5)
  A draconian monk (Abyss:1)
  10 frost giants
  6 fire giants
  An iron dragon (Vaults:5)
  A draconian scorcher (Depths:5)
  Louise (D:15)
  7 deep elf elementalists
  8 deep elf sorcerers
  A draconian shifter (Abyss:1)
  22 vault wardens
  7 spriggan defenders
  2 orc warlords
  18 very ugly things
  22 ironheart preservers
  16 stone giants
  A reaper (Depths:2)
  A draconian annihilator (Depths:5)
  3 war gargoyles (Vaults:5)
  3 vampire knights
  2 entropy weavers (Vaults:4)
  The ghost of nikopol the Cleaver, a journeyman MiBe of Trog (Lair:6)
  2 green draconians (Depths:5)
  15 deep elf annihilators
  2 yellow draconians (Depths:5)
  2 white draconians (Depths:5)
  9 deep elf demonologists
  A mottled draconian (Depths:5)
  A spark wasp (Depths:4)
  The ghost of Philogelos the Bludgeoner, a journeyman MiBe of Trog (Orc:2)
  A crystal guardian (Vaults:4)
  6 deep elf death magi
  A blizzard demon (Abyss:3)
  26 ettins
  10 fire dragons
  A death ooze (Slime:1)
  A green death (Abyss:2)
  6 jiangshi
  21 naga warriors
  6 great orbs of eyes
  4 rakshasas
  11 deep elf high priests
  21 yaktaur captains
  Harold (Lair:2)
  36 vault guards
  4 spriggan air magi
  Fannar (Lair:2)
  16 ice dragons
  4 ghost crabs
  3 catoblepae (Lair:6)
  15 hydras
  13 centaur warriors
  8 anacondas
  4 alligators
  21 ogre magi
  3 death knights
  3 thrashing horrors
  9 death yaks (Lair:6)
  9 deep troll shamans
  3 vampire magi
  9 deep troll earth magi
  16 dancing weapons
  4 tengu warriors
  3 orc high priests (Orc:2)
  8 shock serpents
  4 spriggan berserkers
  17 naga sharpshooters
  12 hell knights
  8 spriggans
  12 deep elf knights
  6 wretched stars
  A skeletal warrior (Vaults:4)
  2 spatial maelstroms (Abyss:3)
  3 iron trolls
  4 shadow wraiths
  2 sixfirhies
  7 unseen horrors
  3 salamander mystics
  A storm dragon skeleton (Vaults:5)
  6 swamp dragons
  A death drake (shapeshifter) (Vaults:4)
  2 unseen horrors (shapeshifter)
  8 glowing orange brains
  45 deep trolls
  A shadow demon (Abyss:3)
  12 naga ritualists
  6 shambling mangroves
  5 flayed ghosts
  11 ironbrand convokers
  14 hill giants
  23 harpies
  7 deep elf archers
  20 orc knights
  6 wizards
  Pikel (D:4)
  A harpy (shapeshifter) (D:15)
  A phantasmal warrior (Vaults:5)
  An orb spider (Abyss:2)
  7 necromancers
  40 ugly things
  53 deep elf magi
  3 orc sorcerers (Orc:2)
  9 mana vipers
  3 shining eyes (Slime:1)
  A manticore (D:12)
  A moth of wrath (shapeshifter) (D:15)
  An oklob plant (Snake:4)
  2 worldbinders (Abyss:3)
  2 wolf spiders
  8 cyclopes
  33 black mambas
  13 salamanders
  10 elephants
  2 centaur zombies
  22 naga magi
  An ice statue (IceCv)
  A molten gargoyle (Lair:2)
  3 apocalypse crabs
  A black mamba (shapeshifter) (D:14)
  13 vault sentinels
  8 guardian serpents
  2 human skeletons (Vaults:5)
  A dire elephant zombie (Abyss:3)
  7 smoke demons
  5 gargoyles
  Psyche (D:12)
  5 kobold demonologists
  9 spiny frogs
  An elf zombie (Vaults:5)
  6 komodo dragons
  55 yaktaurs
  A rime drake (Lair:3)
  3 efreet (Abyss:3)
  A yaktaur (shapeshifter) (Vaults:5)
  A komodo dragon (shapeshifter) (Depths:2)
  An entropy weaver simulacrum (Vaults:1)
  A rime drake (shapeshifter) (D:15)
  5 hellwings
  4 ancient zymes
  15 freezing wraiths
  A demonic crawler (Abyss:2)
  7 tengu conjurers
  A silent spectre (Abyss:3)
  24 hornets
  18 small abominations
  8 trolls
  2 jumping spiders (shapeshifter)
  23 polar bears
  A polar bear (shapeshifter) (Depths:1)
  3 tyrant leeches
  A meliai (shapeshifter) (Depths:5)
  A troll (shapeshifter) (Vaults:3)
  33 two-headed ogres
  A wind drake (shapeshifter) (Vaults:4)
  2 merfolk (shapeshifter)
  9 bog bodies
  12 hippogriffs
  18 raiju
  3 blink frogs (shapeshifter)
  47 slime creatures
  7 dream sheep (Lair:6)
  A dream sheep (shapeshifter) (Depths:4)
  14 blink frogs
  A raiju (shapeshifter) (Vaults:5)
  An elf skeleton (Vaults:5)
  A stone giant simulacrum (Vaults:1)
  A centaur simulacrum (D:14)
  5 flying skulls (Abyss:3)
  6 air elementals
  A tarantella (shapeshifter) (Vaults:1)
  2 wraiths
  53 yaks
  A spriggan (shapeshifter) (Depths:4)
  4 shadows
  2 vampires
  5 ynoxinuls
  A wyvern (D:10)
  5 fire elementals
  3 redbacks (Vaults:4)
  19 large abominations
  9 water elementals
  A hog (shapeshifter) (Elf:3)
  Grum (D:10)
  A basilisk (shapeshifter) (Vaults:5)
  5 hogs (Swamp:4)
  A hungry ghost (D:15)
  The ghost of Philosophy the Poker, an amateur MfGl (D:3)
  7 basilisks
  3 chaos spawn (Abyss:3)
  A steam dragon (D:12)
  The ghost of Philosophy the Poker, an amateur MfGl (D:4)
  2 swamp worm simulacra (Swamp:4)
  10 vampire mosquitoes
  6 neqoxecs
  Menkaure (D:4)
  6 wargs
  6 spatial vortices
  5 mottled dragons
  13 hydra simulacra (Swamp:4)
  13 insubstantial wisps
  17 swamp worms
  79 nagas
  19 water moccasins
  8 swamp drakes
  12 porcupines
  4 floating eyes
  5 sky beasts
  A floating eye (shapeshifter) (Depths:5)
  60 orc warriors
  8 ice beasts
  4 eyes of draining
  A hornet zombie (D:10)
  2 swamp dragon zombies (Abyss:3)
  4 black bears
  A slave (D:4)
  A fire dragon simulacrum (Abyss:2)
  5 phantoms
  28 starcursed masses
  5 boggarts
  A necrophage (D:12)
  20 wolves
  78 ogres
  19 centaurs
  17 crocodiles
  6 big kobolds
  A bullfrog (shapeshifter) (Vaults:5)
  28 bullfrogs
  3 earth elementals (Elf:3)
  A glowing shapeshifter simulacrum (Vaults:1)
  An ogre simulacrum (Vaults:1)
  2 wyvern skeletons
  8 scorpions
  12 killer bees
  14 wights
  3 howler monkeys (D:10)
  4 electric eels
  3 human zombies (Ossuary)
  A lava snake (Lair:4)
  A bullfrog zombie (D:6)
  12 crimson imps
  5 hounds
  A quasit (D:10)
  3 jellies
  2 centaur skeletons
  30 orc wizards
  38 orc priests
  3 bullfrog skeletons
  6 iguanas
  2 iron imps (Abyss:3)
  15 worker ants
  3 big kobold zombies (Ossuary)
  4 hound zombies
  2 hound skeletons
  3 mummies (Ossuary)
  A worker ant zombie (D:11)
  22 adders
  4 shadow imps
  A white imp (Abyss:2)
  An ufetubus (Abyss:3)
  An ooze (D:2)
  6 swamp drake simulacra (Swamp:4)
  An adder zombie (Ossuary)
  An adder skeleton (D:3)
  3 dart slugs
  A leopard gecko (D:6)
  129 orcs
  5 ball pythons
  6 giant cockroaches
  A gnoll zombie (Ossuary)
  6 goblins
  6 hobgoblins
  23 jackals
  20 kobolds
  5 quokkas
  9 bats
  7 frilled lizards
  4 goblin zombies (Ossuary)
  3 hobgoblin zombies (Ossuary)
  4 jackal zombies (Ossuary)
  5 kobold zombies (Ossuary)
  An orc zombie (Ossuary)
  A quokka skeleton (D:7)
  5 quokka zombies (Ossuary)
  2 rats
  5 rat zombies (Ossuary)
  A crawling corpse (Elf:3)
  A starspawn tentacle (Abyss:3)
2513 creatures vanquished.

Vanquished Creatures (others)
  Vashnia (Snake:3)
  Nikola (Snake:1)
  A deep elf master archer (Elf:3)
  A tentacled starspawn (Abyss:3)
  A nagaraja (Snake:4)
  An azure jelly (Swamp:4)
  A stone giant (Depths:3)
  5 yaktaur captains
  2 centaur warriors
  An ogre mage (Vaults:3)
  4 naga sharpshooters
  3 deep elf archers
  A necromancer (Vaults:5)
  A deep elf mage (Elf:3)
  2 cyclopes
  A black mamba (shapeshifter) (Vaults:1)
  12 yaktaurs
  An ancient zyme (Abyss:3)
  A hungry ghost (Abyss:3)
  A swamp worm (Swamp:4)
  A naga (Snake:1)
  2 ogres (Vaults:3)
  A small abomination (Abyss:2)
  3 centaurs
  A scorpion (D:12)
  2 orc priests
  An iguana (D:4)
  An ufetubus (Abyss:3)
  An orc (Vaults:3)
  A giant cockroach (D:4)
  3 crawling corpses (Elf:3)
  10 fungi
  2 lurking horrors (Abyss:3)
  9 plants
  15 starspawn tentacles
95 creatures vanquished.

Grand Total: 2608 creatures vanquished

Notes
Turn   | Place    | Note
-------+----------+-------------------------------------------
     0 | D:1      | XO4YCPATb the Troll Monk began the quest for the Orb.
     0 | D:1      | Reached XP level 1. HP: 22/22 MP: 0/0
   165 | D:1      | Reached XP level 2. HP: 29/29 MP: 1/1
   702 | D:2      | Reached XP level 3. HP: 36/36 MP: 2/2
   950 | D:3      | Found a faded altar of an unknown god.
  1264 | D:3      | Reached XP level 4. HP: 44/44 MP: 3/3
  1297 | D:3      | Found a radiant altar of Vehumet.
  1298 | D:3      | Found a burning altar of Makhleb.
  1304 | D:3      | Reached skill level 1 in Shields
  1304 | D:3      | Reached skill level 5 in Unarmed Combat
  1456 | D:3      | Noticed Philosophy's ghost (amateur MfGl)
  1467 | D:3      | Killed Philosophy's ghost
  1467 | D:3      | Reached skill level 2 in Shields
  1467 | D:3      | Reached XP level 5. HP: 37/50 MP: 4/4
  1559 | D:4      | Noticed an orc warrior
  1569 | D:4      | Killed an orc warrior
  1569 | D:4      | Reached XP level 6. HP: 51/59 MP: 5/5
  1689 | D:4      | Noticed Philosophy's ghost (amateur MfGl)
  1691 | D:4      | Found an ancient bone altar of Kikubaaqudgha.
  1692 | D:4      | Noticed Menkaure
  1716 | D:4      | Killed Philosophy's ghost
  1755 | D:4      | Noticed a slave
  1755 | D:4      | Noticed a slave
  1756 | D:4      | Noticed a slave
  1792 | D:4      | Killed a slave
  1795 | D:4      | Killed Menkaure
  1795 | D:4      | Reached skill level 3 in Shields
  1795 | D:4      | Reached XP level 7. HP: 65/66 MP: 6/6
  1803 | D:4      | Noticed Pikel
  1827 | D:4      | Killed Pikel
  1827 | D:4      | Reached XP level 8. HP: 16/74 MP: 7/7
  2227 | D:4      | Reached skill level 4 in Shields
  2589 | D:5      | Entered Level 5 of the Dungeon
  2610 | D:5      | Found a white marble altar of Elyvilon.
  2734 | D:5      | Found a staircase to the Ecumenical Temple.
  2768 | Temple   | Entered the Ecumenical Temple
  2866 | Temple   | Became a worshipper of Cheibriados the Contemplative
  2866 | Temple   | Reached * piety under Cheibriados
  2866 | Temple   | Reached ** piety under Cheibriados
  2959 | D:5      | Reached skill level 1 in Invocations
  3156 | D:5      | Found a shattered altar of Ashenzari.
  3161 | D:5      | Found a stormy altar of Qazlal.
  3168 | D:5      | Found a white marble altar of Elyvilon.
  3173 | D:5      | Found a shadowy altar of Dithmenos.
  3482 | D:6      | Reached skill level 5 in Shields
  3618 | D:6      | Found a sand-covered staircase.
  3623 | Ossuary  | Entered an ossuary
  3661 | Ossuary  | Reached *** piety under Cheibriados
  3661 | Ossuary  | Reached XP level 9. HP: 80/80 MP: 10/10
  3803 | Ossuary  | Reached skill level 10 in Unarmed Combat
  3905 | Ossuary  | Reached **** piety under Cheibriados
  4195 | D:6      | Reached skill level 6 in Shields
  4619 | D:7      | Found a blossoming altar of Fedhas.
  4714 | D:7      | Reached skill level 7 in Shields
  4915 | D:7      | Found Zemmip's Jewellery Shop.
  5087 | D:7      | Reached skill level 8 in Shields
  5177 | D:8      | Reached ***** piety under Cheibriados
  5261 | D:8      | Reached XP level 10. HP: 88/88 MP: 11/11
  5663 | D:8      | Reached skill level 9 in Shields
  6187 | D:9      | Found a staircase to the Orcish Mines.
  6224 | D:9      | Reached ****** piety under Cheibriados
  6371 | D:9      | Reached skill level 5 in Invocations
  6544 | D:9      | Found a basalt altar of Yredelemnul.
  6715 | D:9      | Found Meessi's General Store.
  6727 | D:9      | Bought a scroll of identify for 32 gold pieces
  6774 | D:10     | Entered Level 10 of the Dungeon
  6797 | D:10     | Found a staircase to the Lair.
  6951 | D:10     | Noticed a hill giant
  6962 | D:10     | Killed a hill giant
  6980 | D:10     | Noticed a hill giant
  7001 | D:10     | Killed a hill giant
  7001 | D:10     | Reached XP level 11. HP: 88/94 MP: 15/15
  7106 | D:10     | Noticed Grum
  7124 | D:10     | Killed Grum
  7278 | D:10     | Found a roughly hewn altar of Beogh.
  8321 | D:11     | Found Zusytoan's Magic Scroll Boutique.
  8326 | D:11     | Bought a scroll of fear for 52 gold pieces
  8326 | D:11     | Bought a scroll of blinking for 112 gold pieces
  8326 | D:11     | Bought a scroll of identify for 30 gold pieces
  8425 | D:11     | Noticed an eight-headed hydra
  8429 | D:11     | Reached skill level 10 in Invocations
  8513 | D:11     | Noticed a cyan ugly thing
  8529 | D:11     | Killed a cyan ugly thing
  8610 | D:11     | Killed an eight-headed hydra
  9112 | D:11     | Found a portal to a secret trove of treasure.
  9211 | D:9      | Bought a potion of curing for 48 gold pieces
  9448 | D:12     | Noticed a cyan ugly thing
  9458 | D:12     | Killed a cyan ugly thing
  9558 | D:12     | Noticed Psyche
  9562 | D:12     | Killed Psyche
  9593 | D:12     | Found Ecowyts's Antique Weapon Shoppe.
  9597 | D:12     | Noticed a hill giant
  9606 | D:12     | Killed a hill giant
  9606 | D:12     | Reached skill level 1 in Throwing
  9758 | D:12     | Reached XP level 12. HP: 68/104 MP: 19/19
 10022 | D:13     | Identified the Grimoire of Glacial Earth
 10487 | D:9      | Reached skill level 5 in Dodging
 10696 | Orc:1    | Entered Level 1 of the Orcish Mines
 10982 | Orc:1    | Found a burning altar of Makhleb.
 11160 | Orc:2    | Entered Level 2 of the Orcish Mines
 11160 | Orc:2    | Noticed an orc warlord
 11348 | D:13     | Noticed a seven-headed hydra
 11358 | D:13     | Killed a nine-headed hydra
 11493 | D:13     | Noticed a tengu warrior
 11510 | D:13     | Killed a tengu warrior
 11667 | D:13     | Noticed a vault warden
 11667 | D:13     | Noticed a tengu warrior
 11677 | D:13     | Killed a vault warden
 11682 | D:13     | Killed a tengu warrior
 11822 | D:13     | Found a gate to the Vaults.
 12454 | D:14     | Reached XP level 13. HP: 85/110 MP: 14/20
 12648 | D:14     | Learned a level 6 spell: Statue Form
 12820 | D:14     | Reached skill level 1 in Earth Magic
 13093 | D:15     | Entered Level 15 of the Dungeon
 13118 | D:15     | Reached skill level 1 in Transmutations
 13269 | D:15     | Noticed a fire dragon
 13415 | Lair:1   | Entered Level 1 of the Lair of Beasts
 14397 | Lair:2   | Reached skill level 5 in Earth Magic
 14600 | Lair:2   | Got a crude whip
 14601 | Lair:2   | Identified the +3 whip of Guerphuts {venom, rC+ Str+3 Int+3} (You found it on level 2 of the Lair of Beasts)
 14615 | Lair:2   | Noticed Fannar
 14630 | Lair:2   | Killed Fannar
 14897 | Lair:2   | Noticed Harold
 14908 | Lair:2   | Killed Harold
 15481 | Lair:3   | Found a staircase to the Swamp.
 15625 | Lair:3   | Found a frozen archway.
 15630 | IceCv    | Entered an ice cave
 16045 | IceCv    | Reached XP level 14. HP: 113/118 MP: 21/21
 16230 | IceCv    | Noticed a frost giant
 16243 | IceCv    | Killed a frost giant
 17574 | Lair:4   | Found a staircase to the Snake Pit.
 17608 | Lair:4   | Reached skill level 5 in Transmutations
 18823 | Lair:5   | Found a runed door.
 18823 | Lair:5   | Found a viscous altar of Jiyva.
 18824 | Lair:5   | Noticed an acid blob
 18824 | Lair:5   | Noticed an acid blob
 18897 | Lair:5   | Found a hide-covered altar of Uskayaw.
 19329 | Lair:5   | Noticed an acid blob
 19330 | Lair:5   | Noticed an acid blob
 19331 | Lair:5   | Found a staircase to the Slime Pits.
 19331 | Lair:5   | Noticed an acid blob
 19364 | Lair:6   | Entered Level 6 of the Lair of Beasts
 19369 | Lair:6   | Reached skill level 10 in Earth Magic
 19578 | Lair:6   | Got a translucent lead amulet
 19579 | Lair:6   | Identified the amulet of Ryaros {Harm *Drain rPois Str+5 Slay+3} (You found it on level 6 of the Lair of Beasts)
 19866 | Lair:6   | Reached XP level 15. HP: 91/124 MP: 22/22
 20013 | Lair:6   | Got a glittering silver amulet
 20118 | Lair:6   | Noticed nikopol's ghost (journeyman MiBe)
 20160 | Lair:6   | Killed nikopol's ghost
 21132 | Orc:2    | Killed an orc warlord
 21262 | Orc:2    | Found a staircase to the Elven Halls.
 21432 | Orc:2    | Noticed Philogelos's ghost (journeyman MiBe)
 21438 | Orc:2    | Killed Philogelos's ghost
 21651 | Orc:2    | Found Kefocaum's Food Emporium.
 21651 | Orc:2    | Found Bibischuh's Assorted Antiques.
 21653 | Orc:2    | Found Daiqaul's Jewellery Emporium.
 21653 | Orc:2    | Found Igusk's Antique Armour Boutique.
 21664 | Orc:2    | Bought a potion of curing for 102 gold pieces
 21664 | Orc:2    | Bought a scroll of identify for 68 gold pieces
 21664 | Orc:2    | Bought a scroll of identify for 68 gold pieces
 21665 | Orc:2    | Gained mutation: Your muscles are strong. (Str +2) [potion of beneficial mutation]
 21666 | Orc:2    | Gained mutation: You are partially covered in icy blue scales. (AC +2) [potion of beneficial mutation]
 21674 | Orc:2    | Identified the amulet "Nufiunyodo" {Reflect rElec Dex+7 SH+3} (You found it on level 6 of the Lair of Beasts)
 22278 | D:15     | Reached skill level 10 in Transmutations
 22644 | D:15     | Noticed a frost giant
 22662 | D:15     | Killed a frost giant
 22810 | D:15     | Noticed Louise
 22817 | D:15     | Killed Louise
 23446 | D:15     | Found a staircase to the Depths.
 23964 | D:7      | Bought a +5 ring of evasion for 660 gold pieces
 23964 | D:7      | Bought the ring of Wuorragh {*Slow rPois rF+++ MP+9 Str+2} for 777 gold pieces
 24129 | Swamp:1  | Entered Level 1 of the Swamp
 24221 | Swamp:1  | Reached XP level 16. HP: 132/132 MP: 19/23
 24302 | Swamp:1  | Noticed a thorn hunter
 24311 | Swamp:1  | Killed a thorn hunter
 26592 | Swamp:4  | Entered Level 4 of the Swamp
 26592 | Swamp:4  | Noticed Donald
 26596 | Swamp:4  | Killed Donald
 26596 | Swamp:4  | Reached skill level 1 in Spellcasting
 26636 | Swamp:4  | Noticed Kirke
 26661 | Swamp:4  | Killed Kirke
 26939 | Swamp:4  | Noticed Mara
 26943 | Swamp:4  | Noticed XO4YCPATb's illusion
 26945 | Swamp:4  | Killed Mara
 27035 | Swamp:4  | Got a decaying rune of Zot
 27176 | Swamp:4  | Noticed a thorn hunter
 27183 | Swamp:4  | Killed a thorn hunter
 27420 | Swamp:4  | Reached skill level 5 in Spellcasting
 27550 | Swamp:4  | Reached XP level 17. HP: 139/139 MP: 12/24
 27797 | Elf:1    | Entered Level 1 of the Elven Halls
 27825 | Elf:1    | Found a radiant altar of Vehumet.
 28359 | Elf:1    | Found Cauxziy's Food Emporium.
 28933 | Elf:2    | Found Jyugog's Gadget Boutique.
 28935 | Elf:2    | Found Jesm's Jewellery Emporium.
 28936 | Elf:2    | Found Tighylu's Gadget Boutique.
 28949 | Elf:2    | Bought a wand of teleportation (3/9) for 357 gold pieces
 28950 | Elf:2    | Identified a scroll of acquirement
 29009 | Elf:2    | Found a huge runed gate.
 29009 | Elf:2    | Found a huge runed gate.
 29009 | Elf:2    | Found a huge runed gate.
 29014 | Elf:2    | Found a huge runed gate.
 29015 | Elf:2    | Found a huge runed gate.
 29275 | Elf:3    | Entered Level 3 of the Elven Halls
 29381 | Elf:3    | Noticed a deep elf master archer
 29384 | Elf:3    | Killed a deep elf master archer
 29555 | Elf:3    | Noticed a deep elf master archer
 29559 | Elf:3    | Noticed a deep elf master archer
 29561 | Elf:3    | Killed a deep elf master archer
 29568 | Elf:3    | Noticed a deep elf blademaster
 29571 | Elf:3    | Killed a deep elf master archer
 29576 | Elf:3    | Killed a deep elf blademaster
 29579 | Elf:3    | Reached XP level 18. HP: 103/148 MP: 16/25
 29768 | Elf:3    | Cast into level 4 of the Abyss (a deep elf sorcerer)
 29776 | Abyss:4  | Noticed a hellephant
 29781 | Abyss:4  | Found a corrupted altar of Lugonu.
 29781 | Abyss:4  | Noticed a hellephant
 29789 | Abyss:4  | Found a corrupted altar of Lugonu.
 29798 | Elf:3    | Escaped the Abyss
 29802 | Elf:3    | Got a transparent silver ring
 29925 | Elf:2    | Identified the ring of the Philosopher {*Slow MR+ MP+9 Int+2 SInv Stlth+} (You took it off a deep elf sorcerer on level 3 of the Elven Halls)
 30025 | Elf:3    | Gained mutation: Your body sometimes deteriorates upon taking damage. [a neqoxec]
 30026 | Elf:3    | Noticed an Ice Fiend
 30368 | Elf:3    | Cast into level 2 of the Abyss (a deep elf demonologist)
 30368 | Abyss:2  | Found a corrupted altar of Lugonu.
 30535 | Abyss:2  | Found a snail-covered altar of Cheibriados.
 30669 | Elf:3    | Escaped the Abyss
 30804 | Elf:3    | Reached skill level 10 in Dodging
 31036 | Elf:3    | Noticed an Ice Fiend
 31085 | Elf:3    | Reached skill level 5 in Throwing
 31198 | Elf:3    | Learned a level 3 spell: Regeneration
 31200 | Elf:3    | Identified the Compendium of Unholy Rituals
 31204 | Elf:3    | Learned a level 2 spell: Sublimation of Blood
 31354 | Elf:3    | Learned a level 6 spell: Deflect Missiles
 31360 | Elf:3    | Learned a level 5 spell: Silence
 31654 | Snake:1  | Entered Level 1 of the Snake Pit
 31654 | Snake:1  | Noticed Frances
 31656 | Snake:1  | Noticed Agnes
 31663 | Snake:1  | Killed Frances
 31667 | Snake:1  | Killed Agnes
 31667 | Snake:1  | Reached skill level 15 in Earth Magic
 31850 | Snake:1  | Noticed Nikola
 31865 | Snake:1  | Killed Nikola
 32013 | Snake:1  | Found Reismam's Gadget Emporium.
 32017 | Snake:1  | Found Ystraothy's Jewellery Shoppe.
 32018 | Snake:1  | Found Nocwad's Antique Armour Emporium.
 32385 | Snake:2  | Reached XP level 19. HP: 154/154 MP: 26/26
 32847 | Snake:3  | Noticed Vashnia
 32859 | Snake:3  | Killed Vashnia
 33931 | Snake:4  | Entered Level 4 of the Snake Pit
 33948 | Snake:4  | Found a sacrificial altar of Ru.
 34792 | Snake:4  | Reached XP level 20. HP: 162/162 MP: 28/28
 34917 | Snake:4  | Got a serpentine rune of Zot
 35873 | Depths:1 | Entered Level 1 of the Depths
 36050 | Depths:1 | Found a gateway to Hell.
 36539 | Depths:1 | Reached skill level 15 in Transmutations
 36988 | Depths:2 | Noticed Asterion
 36995 | Depths:2 | Killed Asterion
 37255 | Depths:2 | Found Wergham's Magic Scroll Shop.
 37281 | Depths:2 | Bought a scroll of acquirement for 1144 gold pieces
 37281 | Depths:2 | Bought a scroll of identify for 44 gold pieces
 37281 | Depths:2 | Bought a scroll of identify for 44 gold pieces
 37587 | D:11     | You paid a toll of 17 potions of curing to enter a treasure trove
 37588 | Trove    | Entered a treasure trove
 37662 | Trove    | Got a jewelled demon whip
 37663 | Trove    | Identified the +8 demon whip of the Eggplant {freeze, Dex+3} (You found it in a treasure trove)
 38422 | Depths:3 | Reached XP level 21. HP: 169/169 MP: 30/30
 38669 | Depths:3 | Paralysed by a sphinx for 2 turns
 38926 | Depths:3 | Reached skill level 15 in Dodging
 39124 | Depths:4 | Got a wavering platinum ring
 39127 | Depths:4 | Identified the ring "Edwesohi" {rElec rF- MP+9 Str+5 Stlth-} (You found it on level 4 of the Depths)
 39154 | Depths:4 | Lost mutation: You are partially covered in icy blue scales. (AC +2) [potion of cure mutation]
 39154 | Depths:4 | Lost mutation: Your muscles are strong. (Str +2) [potion of cure mutation]
 39154 | Depths:4 | Lost mutation: Your body sometimes deteriorates upon taking damage. [potion of cure mutation]
 39164 | Depths:4 | Paralysed by a floating eye for 2 turns
 39257 | Depths:4 | Got a pitted glass ring
 39335 | Depths:4 | Found a shimmering altar of Xom.
 39421 | Depths:4 | Reached skill level 5 in Fighting
 39451 | Depths:4 | Noticed Margery
 39474 | Depths:4 | Killed Margery
 39498 | Depths:4 | Identified the ring "Inoac Esy" {+Blink Str+3} (You found it on level 4 of the Depths)
 39515 | Depths:4 | Got a brightly glowing turquoise ring
 39517 | Depths:4 | Identified the ring of Pereakurev {Int+5 SInv} (You took it off a hell knight on level 4 of the Depths)
 39533 | Depths:4 | Noticed Saint Roka
 39544 | Depths:4 | Killed Saint Roka
 39544 | Depths:4 | Reached skill level 1 in Charms
 39544 | Depths:4 | Reached skill level 1 in Necromancy
 39868 | Depths:4 | Found a hazy altar of Hepliaklqana.
 39981 | Depths:4 | Found a one-way gate to the infinite horrors of the Abyss.
 40040 | Depths:4 | Reached XP level 22. HP: 191/191 MP: 31/31
 40100 | Depths:5 | Entered Level 5 of the Depths
 40149 | Depths:5 | Noticed a golden dragon
 40153 | Depths:5 | Killed a golden dragon
 40162 | Depths:5 | Reached skill level 5 in Necromancy
 40653 | Depths:5 | Reached skill level 5 in Charms
 40661 | Depths:5 | Noticed the Enchantress
 40667 | Depths:5 | Noticed a golden dragon
 40670 | Depths:5 | Killed the Enchantress
 40680 | Depths:5 | Killed a golden dragon
 41133 | Depths:5 | Found a gateway to a ziggurat.
 41242 | Depths:5 | Reached skill level 10 in Shields
 41255 | Depths:5 | Found a gate to the Realm of Zot.
 41576 | Vaults:1 | Entered Level 1 of the Vaults
 42066 | Depths:5 | Got faerie dragon scales
 42078 | Depths:5 | Identified the +5 faerie dragon scales {Regen+} (You took it off the Enchantress on level 5 of the Depths)
 42358 | Vaults:1 | Reached skill level 11 in Shields
 42776 | Vaults:1 | Reached skill level 12 in Shields
 43170 | Vaults:1 | Reached XP level 23. HP: 197/197 MP: 32/32
 43713 | Vaults:2 | Reached skill level 13 in Shields
 43893 | Vaults:2 | Found Jishoi's Antique Weapon Shop.
 44285 | Vaults:2 | Reached skill level 14 in Shields
 44469 | Vaults:2 | Found a staircase to the Crypt.
 44469 | Vaults:2 | Found a basalt altar of Yredelemnul.
 44470 | Vaults:2 | Found an ancient bone altar of Kikubaaqudgha.
 45421 | Vaults:3 | Reached skill level 15 in Shields
 46729 | Vaults:4 | Reached XP level 24. HP: 76/208 MP: 32/32
 47196 | Vaults:4 | Noticed Xtahua
 47196 | Vaults:4 | Paralysed by Xtahua for 6 turns
 47203 | Vaults:4 | Killed Xtahua
 48004 | Vaults:5 | Entered Level 5 of the Vaults
 48012 | Vaults:5 | Reached skill level 10 in Throwing
 48053 | Vaults:5 | Noticed an ancient lich
 48207 | Vaults:5 | Reached skill level 16 in Shields
 48748 | Vaults:5 | Killed an ancient lich
 48787 | Vaults:4 | Reached XP level 25. HP: 161/224 MP: 32/32
 49168 | Vaults:5 | Got a silver rune of Zot
 49231 | Vaults:5 | Identified the Compendium of Moulding
 49508 | Vaults:5 | Identified Qapaco's Tome of Entrancing Talismans
 49565 | Vaults:5 | Reached skill level 15 in Unarmed Combat
 49678 | Vaults:5 | Identified the Catalogue of the Entrancing Volcanoes
 50197 | Depths:4 | Voluntarily entered the Abyss.
 50294 | Abyss:1  | Reached skill level 1 in Air Magic
 50960 | Abyss:3  | Found a corrupted altar of Lugonu.
 50999 | Abyss:3  | Found a viscous altar of Jiyva.
 51030 | Abyss:3  | Found a corrupted altar of Lugonu.
 51302 | Abyss:3  | Reached skill level 5 in Air Magic
 51370 | Abyss:3  | Got an abyssal rune of Zot
 51558 | Depths:4 | Escaped the Abyss
 51975 | Slime:1  | Entered Level 1 of the Pits of Slime
 52004 | Slime:1  | Gained mutation: You are frail. (-10% HP) [a shining eye]
 52011 | Slime:1  | Gained mutation: Scrolls take you a little longer to read. [a shining eye]
 52015 | Slime:1  | Gained mutation: Your magical capacity is low. (-10% MP) [a shining eye]
 52032 | Slime:2  | Gained mutation: Your magical capacity is very low. (-20% MP) [a shining eye]
 52036 | Slime:2  | Gained mutation: Armour fits poorly on your strangely shaped body. [a shining eye]
 52040 | Slime:2  | Paralysed by a great orb of eyes for 4 turns
 52042 | Slime:2  | HP: 4/265 [azure jelly (12)]
 52042 | Slime:2  | Annihilated by an acid blob

Skill      XL: |  1  2  3  4  5  6  7  8  9 10 11 12 13 14 15 16 17 18 19 20 21 22 23 24 25 |
---------------+----------------------------------------------------------------------------+-----
Unarmed Combat | 4 6 7 8 9 10 11 14 15 | 15.1
Shields        | 2 3 5 8 9 12 15 16 | 16.0
Invocations    | 2 3 7 11 12 14 | 14.3
Throwing       | 1 3 4 5 8 9 10 11 | 11.5
Dodging        | 3 9 10 12 14 15 | 15.7
Earth Magic    | 7 10 11 12 14 15 | 15.1
Transmutations | 4 7 11 12 13 14 15 | 15.0
Spellcasting   | 5 |  5.1
Fighting       | 5 6 8 9 |  9.2
Charms         | 3 5 7 |  7.4
Necromancy     | 4 6 |  6.9
Air Magic      | 6 |  6.4
Stealth        | |  1.0

Action                   |  1- 3 |  4- 6 |  7- 9 | 10-12 | 13-15 | 16-18 | 19-21 | 22-24 | 25-27 || total
-------------------------+-------+-------+-------+-------+-------+-------+-------+-------+-------++-------
Melee: Unarmed           |   116 |    52 |   371 |   823 |  1371 |   879 |  1109 |  1248 |   571 ||  6540
Throw: Tomahawk          |       |       |       |    10 |       |       |       |       |       ||    10
       Large rock        |       |       |       |       |    49 |    15 |    35 |    20 |     4 ||   123
       Throwing net      |       |       |       |       |     1 |       |       |       |       ||     1
 Cast: Statue Form       |       |       |       |       |    10 |    57 |    71 |    64 |    34 ||   236
       Regeneration      |       |       |       |       |       |       |       |    25 |    14 ||    39
Invok: Slouch            |       |       |       |     9 |    14 |    10 |    14 |     4 |     2 ||    53
       Temporal Distorti |       |       |       |     1 |     6 |     1 |     1 |       |     1 ||    10
       Step From Time    |       |       |       |       |       |     1 |       |       |       ||     1
 Abil: Evoke Flight      |       |       |       |       |       |     1 |       |       |       ||     1
Evoke: Wand              |       |       |       |     4 |     4 |       |     1 |       |       ||     9
  Use: Potion            |       |     2 |       |       |    10 |     5 |     3 |       |       ||    20
       Scroll            |       |       |    16 |    16 |    11 |    18 |    12 |    19 |     1 ||    93
 Stab: Sleeping          |     2 |     1 |     5 |     9 |    12 |     5 |     7 |    10 |     6 ||    57
       Distracted        |       |       |       |     1 |     4 |     3 |     1 |     5 |     2 ||    16
       Petrified         |       |       |       |       |    11 |       |       |       |       ||    11
       Petrifying        |       |       |       |       |     1 |       |       |       |       ||     1
  Eat: Chunk             |    17 |     5 |    25 |    50 |   103 |    79 |    95 |    98 |    33 ||   505
       Meat ration       |       |       |       |       |       |     3 |       |       |     1 ||     4
       Beef jerky        |       |       |       |       |       |     1 |     1 |       |     2 ||     4
       Royal jelly       |       |       |       |       |       |     1 |       |       |       ||     1
       Pizza             |       |       |       |       |       |     1 |       |       |       ||     1
       Fruit             |       |       |       |       |       |       |       |     1 |       ||     1
Armor: Robe              |    53 |     2 |       |       |       |       |       |       |       ||    55
       Troll leather arm |       |     4 |    87 |   135 |   164 |    24 |    14 |     3 |       ||   431
       Skin              |       |       |       |       |    60 |   281 |   324 |   314 |    98 ||  1077
       Mottled dragon sc |       |       |       |       |       |       |       |    17 |     7 ||    24
Dodge: Dodged            |    60 |     7 |   118 |   299 |   830 |   921 |  1284 |  1361 |   364 ||  5244
Block: Shield            |    27 |    18 |   178 |   535 |  1285 |  1174 |  1700 |  1007 |       ||  5924
       Reflection        |       |       |       |       |    28 |    77 |   183 |   141 |    43 ||   472
       Other             |       |       |       |       |       |     2 |       |       |       ||     2
       Large shield      |       |       |       |       |       |       |       |  1192 |   952 ||  2144
